 Dungeon Crawl Stone Soup version 0.19.1-1-g22dce08 (webtiles) character file.

112 Jerry the Covered (level 4, -3/35 HPs)
             Began as a Mummy Fighter on Jan 10, 2017.
             Slain by Crazy Yiuf
             ... wielding a +3 quarterstaff of chaos
              (9 damage)
             ... on level 3 of the Dungeon.
             The game lasted 00:03:52 (2434 turns).

Jerry the Covered (Mummy Fighter)                   Turns: 2434, Time: 00:03:53

Health: -3/35      AC:  8    Str: 19    XL:     4   Next: 63%
Magic:  3/4        EV: 10    Int:  7    God:
Gold:   78         SH:  0    Dex: 12    Spells: 0 memorised, 3 levels left

rFire  x . .     SeeInvis .     a - +0 long sword
rCold  + . .     Gourm    .     b - +0 scale mail
rNeg   + + +     Faith    .     (no shield)
rPois  ∞         Spirit   .     (no helmet)
rElec  .         Reflect  .     (no cloak)
rCorr  .         Harm     .     (no gloves)
MR     .....                    h - +0 pair of boots
Stlth  ..........               (no amulet)
                                (no ring)
                                e - ring of positive energy

@: slowed, very slow
A: no food or potions, fire vulnerability, cold resistance 1, negative energy
resistance 3, torment resistance, unbreathing
a: no special abilities


You were on level 3 of the Dungeon.
You were not hungry.

You visited 1 branch of the dungeon, and saw 3 of its levels.

You collected 78 gold pieces.

Inventory:

Hand Weapons
 a - a +0 long sword (weapon)
Armour
 b - a +0 scale mail (worn)
 c - a +0 shield
 h - a +0 pair of boots (worn)
Jewellery
 e - a ring of positive energy (left hand)
Scrolls
 d - a scroll of fear {unknown}
 f - 4 scrolls of identify {unknown}
 g - a scroll of enchant armour {unknown}


   Skills:
 - Level 3.0 Fighting
 + Level 2.9 Long Blades
 + Level 3.2 Armour
 + Level 1.4 Dodging
 - Level 2.4 Shields


You had 3 spell levels left.
You didn't know any spells.

Dungeon Overview and Level Annotations

Branches:
Dungeon (3/15)

Altars:
Okawaru

Annotations:
D:3 Crazy Yiuf, Sigmund


Innate Abilities, Weirdness & Mutations

You do not eat or drink.
Your flesh is vulnerable to fire.
You are immune to poison.
Your flesh is cold resistant. (rC+)
You are immune to negative energy. (rN+++)
You are immune to unholy pain and torment.
You can survive without breathing.


Message History

You barely miss Crazy Yiuf.
Crazy Yiuf is lightly wounded.
Crazy Yiuf hits you with a quarterstaff of chaos! x2
You hit Crazy Yiuf but do no damage.
Crazy Yiuf is lightly wounded.
Crazy Yiuf hits you with a quarterstaff of chaos.
* * * LOW HITPOINT WARNING * * *
Crazy Yiuf hits you with a quarterstaff of chaos.
* * * LOW HITPOINT WARNING * * *
You feel your power leaking away.
You slash Crazy Yiuf!
Crazy Yiuf is heavily wounded.
Crazy Yiuf says, "Action arm canine!"
Crazy Yiuf closely misses you.
You riposte.
You closely miss Crazy Yiuf.
Crazy Yiuf is heavily wounded.
You closely miss Crazy Yiuf.
Crazy Yiuf is heavily wounded.
Crazy Yiuf yells, "Tonal pizzabubble chair!"
Crazy Yiuf hits you with a quarterstaff of chaos!
You die...

#####
#)..#
#...#
#.g.#
#@#
♣.♣♣
♣♣.♣
♣.♣♣
♣♣.♣
♣♣.♣♣
♣♣...♣
♣....♣
#....#


You could see Crazy Yiuf.

Vanquished Creatures
  Robin (D:1)
  3 adders
  3 worms (D:2)
  A dart slug (D:1)
  A leopard gecko (D:2)
  9 bats
  3 giant cockroaches
  15 goblins
  10 hobgoblins
  A quokka (D:2)
  5 frilled lizards
  4 kobolds
  4 rats
60 creatures vanquished.

Notes
Turn   | Place    | Note
-------+----------+-------------------------------------------
     0 | D:1      | Jerry the Mummy Fighter began the quest for the Orb.
     0 | D:1      | Reached XP level 1. HP: 18/18 MP: 1/1
   196 | D:1      | Reached XP level 2. HP: 20/24 MP: 2/2
  1147 | D:2      | Found an iron altar of Okawaru.
  1157 | D:2      | Reached skill level 1 in Dodging
  1157 | D:2      | Reached XP level 3. HP: 27/29 MP: 3/3
  1231 | D:2      | Noticed Robin
  1354 | D:1      | Killed Robin
  1354 | D:1      | Reached XP level 4. HP: 15/35 MP: 4/4
  2358 | D:3      | Noticed Sigmund
  2424 | D:3      | Found a runed door.
  2428 | D:3      | Noticed Crazy Yiuf
  2434 | D:3      | Slain by Crazy Yiuf

Skill      XL: |  1  2  3 |
---------------+----------+-----
Long Blades    | 2 |  2.9
Dodging        | 1 |  1.4
Armour         | 3 |  3.2
Fighting       | |  3.0
Shields        | |  2.4

Action                   |  1- 3 |  4- 6 || total
-------------------------+-------+-------++-------
Melee: Long sword        |   131 |    57 ||   188
Armor: Scale mail        |    88 |    27 ||   115
Dodge: Dodged            |    86 |    24 ||   110
       Rpst.: Long sword |    26 |    12 ||    38
